 Dungeon Crawl Stone Soup version 0.20.1-1-g8b1a95d (webtiles) character file.

1115 Linguinho the Cutter (level 8, -11/60 HPs)
             Began as a Demonspawn Assassin on Oct 30, 2017.
             Was an Initiate of Ashenzari.
             Killed from afar by an electric eel (15 damage)
             ... with a bolt of electricity
             ... on level 6 of the Dungeon.
             The game lasted 00:20:37 (8390 turns).

Linguinho the Cutter (Demonspawn Assassin)          Turns: 8390, Time: 00:20:38

Health: -11/60     AC:  9    Str: 10 (13) XL:     8   Next: 12%
Magic:  8/8        EV:  9    Int: 13 (14) God:    Ashenzari [......]
Gold:   410        SH:  7    Dex: 11 (14) Spells: 7/7 levels left

rFire    x . .     SeeInvis .   a - +2 dagger
rCold    + . .     Gourm    .   y - +0 shield
rNeg     . . .     Faith    .   B - +0 ring mail (curse)
rPois    .         Spirit   .   L - +0 helmet
rElec    .         Reflect  .   d - +0 cloak
rCorr    .         Harm     .   (gloves unavailable)
MR       .....                  (no boots)
Stlth    ++........             (no amulet)
Regen    0.2/turn               C - ring of wizardry
MPRegen  0.2/turn               l - ring of ice

@: no status effects
A: claws 3, icy blue scales 1, powered by pain 1
a: Curse Item, Renounce Religion


You were on level 6 of the Dungeon.
You worshipped Ashenzari.
Ashenzari was noncommittal.
You were near starving.

You visited 2 branches of the dungeon, and saw 7 of its levels.

You collected 410 gold pieces.

Inventory:

Hand Weapons
 a - a +2 dagger (weapon)
 b - a +0 blowgun
 D - a cursed -3 short sword
Missiles
 e - 36 poisoned needles
 f - 2 curare-tipped needles
Armour
 d - a +0 cloak (worn)
 i - a +0 pair of gloves
 y - a +0 shield (worn)
 B - a cursed +0 ring mail (worn)
 L - a +0 helmet (worn)
Jewellery
 j - an uncursed amulet of regeneration
 l - a ring of ice (right claw)
 C - a ring of wizardry (left claw)
Scrolls
 k - 3 scrolls of noise {unknown}
 p - 4 scrolls of remove curse
 v - a scroll of recharging
 w - 2 scrolls of fear {unknown}
 x - a scroll of magic mapping {unknown}
 G - a scroll of fog
 I - a scroll of enchant weapon {unknown}
Potions
 n - a potion of lignification {unknown}
 o - a potion of might {unknown}
 q - a potion of heal wounds
 r - 2 potions of flight {unknown}
 t - 2 potions of degeneration
 u - 2 potions of haste
 E - 2 potions of agility
Comestibles
 g - 2 bread rations
 m - a meat ration
 F - a royal jelly
 J - 3 fruits


   Skills:
 + Level 4.0 Fighting
 + Level 5.1 Short Blades
 - Level 1.7 Throwing
 + Level 3.1 Armour
 + Level 3.8 Dodging
 - Level 4.8 Stealth
 + Level 2.2 Shields


You had 7 spell levels left.
You didn't know any spells.

Dungeon Overview and Level Annotations

Branches:
Dungeon (6/15)             Temple (1/1) D:4

Altars:
Ashenzari
Cheibriados
Dithmenos
Elyvilon
Gozag
Hepliaklqana
Kikubaaqudgha
Makhleb
Nemelex Xobeh
Okawaru
Qazlal
Ru
Sif Muna
Trog
Uskayaw
Vehumet
Xom
Yredelemnul
Zin
The Shining One


Innate Abilities, Weirdness & Mutations

You have claws for hands.
You are partially covered in icy blue scales. (AC +2)
You sometimes gain a little power by taking damage.


Message History

There is an open door here.
Things that are here:
an uncursed club x3
Things that are here:
an uncursed hunting sling; 24 stones; an uncursed club You see here an uncursed club.
There is a large open door here.
You enter the shallow water.
Moving in this stuff is going to be slow.
The goblin hits you but does no damage.
The electric eel shoots out a bolt of lightning at you!
The bolt of electricity misses you.
The electric eel shoots out a bolt of lightning at you!
The bolt of electricity hits you!
* * * LOW HITPOINT WARNING * * *
The electric eel shoots out a bolt of lightning at you!
The bolt of electricity hits you!
* * * LOW HITPOINT WARNING * * *
The bolt of electricity hits you!
You die...

#.....# #.....###### #...........
#.....###### #.#.........
######################.#.########
.......(......).))(((..((# ..
#######.#..#####)############ ..
................@............ ..
............................. ..
≈≈.≈.≈≈.≈≈..≈≈.≈g≈≈.....≈≈≈≈≈ ≈.
≈≈≈≈≈≈≈≈≈≈≈≈≈;≈≈≈g......≈≈≈≈≈ ≈≈
≈≈≈≈≈≈≈≈≈≈≈≈≈≈≈≈≈≈g.....≈;≈≈≈ ≈≈
≈≈≈≈≈≈≈≈≈≈≈≈≈≈≈≈≈≈≈g)..≈≈≈≈≈≈ ≈
####################''###########
## ##.....#.......#.g..# .....#.
.###......'....)K.#.).(# .....'.


You could see an electric eel, a gnoll and 4 goblins.

Vanquished Creatures
  An ice beast (D:5)
  A big kobold (D:6)
  A bullfrog (D:6)
  3 scorpions
  A crimson imp (D:4)
  A bullfrog zombie (D:5)
  3 orc priests
  A hound (D:6)
  4 orc wizards
  2 iguanas (D:5)
  5 worker ants
  2 hound skeletons
  7 gnolls
  5 adders
  An ooze (D:2)
  2 adder skeletons
  2 dart slugs
  5 leopard geckos
  7 orcs
  4 bats
  5 giant cockroaches
  26 goblins
  24 hobgoblins
  8 jackals
  7 kobolds
  3 quokkas
  A ball python (D:5)
  9 frilled lizards
  9 rats
150 creatures vanquished.

Vanquished Creatures (others)
  A goblin (D:6)
1 creature vanquished.

Grand Total: 151 creatures vanquished

Notes
Turn   | Place    | Note
-------+----------+-------------------------------------------
     0 | D:1      | Linguinho the Demonspawn Assassin began the quest for the Orb.
     0 | D:1      | Reached XP level 1. HP: 16/16 MP: 1/1
    66 | D:1      | Reached skill level 1 in Dodging
   204 | D:1      | Gained mutation: You have sharp fingernails. [demonic ancestry]
   204 | D:1      | Reached XP level 2. HP: 22/22 MP: 2/2
   300 | D:1      | Reached skill level 2 in Short Blades
   726 | D:2      | Reached XP level 3. HP: 6/27 MP: 3/3
  1255 | D:2      | Found a deep blue altar of Sif Muna.
  1298 | D:2      | Found a sacrificial altar of Ru.
  1633 | D:2      | Reached XP level 4. HP: 21/34 MP: 4/4
  2723 | D:4      | Reached skill level 3 in Short Blades
  2723 | D:4      | Gained mutation: You have very sharp fingernails. [demonic ancestry]
  2723 | D:4      | Reached XP level 5. HP: 10/40 MP: 5/5
  3014 | D:4      | Found a staircase to the Ecumenical Temple.
  3167 | Temple   | Entered the Ecumenical Temple
  3417 | Temple   | Became a worshipper of Ashenzari the Shackled
  3564 | D:4      | Gained mutation: You sometimes gain a little power by taking damage. [demonic ancestry]
  3564 | D:4      | Reached XP level 6. HP: 29/47 MP: 6/6
  4017 | D:4      | HP: 2/47 [poisoned by a scorpion]
  4034 | D:4      | Reached skill level 4 in Short Blades
  4447 | D:4      | Reached skill level 1 in Armour
  4460 | D:5      | Entered Level 5 of the Dungeon
  4566 | D:5      | Reached skill level 1 in Shields
  4658 | D:5      | Gained mutation: You have claws for hands. [demonic ancestry]
  4658 | D:5      | Reached XP level 7. HP: 25/52 MP: 7/7
  5164 | D:5      | Found a sacrificial altar of Ru.
  7071 | D:6      | Reached skill level 5 in Short Blades
  7368 | D:6      | Gained mutation: You are partially covered in icy blue scales. (AC +2) [demonic ancestry]
  7368 | D:6      | Reached XP level 8. HP: 48/60 MP: 8/8
  8390 | D:6      | Killed from afar by an electric eel

Skill      XL: |  1  2  3  4  5  6  7  8 |
---------------+-------------------------+-----
Dodging        | 1 2 3 |  3.8
Stealth        | 4 |  4.8
Short Blades   | 2 3 4 5 |  5.1
Fighting       | 3 4 |  4.0
Armour         | 2 3 |  3.1
Shields        | 1 2 |  2.2
Throwing       | |  1.7

Action                   |  1- 3 |  4- 6 |  7- 9 || total
-------------------------+-------+-------+-------++-------
Melee: Dagger            |   143 |   245 |   445 ||   833
  Use: Potion            |       |     9 |     4 ||    13
       Scroll            |       |     6 |     3 ||     9
 Stab: Sleeping          |     4 |     6 |     1 ||    11
       Distracted        |       |     1 |       ||     1
       Paralysed         |       |       |     1 ||     1
  Eat: Chunk             |     2 |     3 |     7 ||    12
       Bread ration      |       |     2 |       ||     2
       Royal jelly       |       |       |     1 ||     1
Armor: Robe              |    25 |    14 |       ||    39
       Ring mail         |       |    57 |   128 ||   185
Dodge: Dodged            |    85 |    90 |   183 ||   358
Block: Shield            |       |    47 |   157 ||   204
